 Yiufcrawl Soup (a DCSS fork) version 1.5.2b1-yiuf-19-g91104ff (webtiles) character file.

31 Halgar the Skirmisher (level 3, 0/26 HPs)
             Began as a Plutonian Abyssal Knight on Feb 10, 2018.
             Was a Follower of Lugonu.
             Slain by an adder (1 damage)
             ... on level 1 of the Dungeon.
             The game lasted 00:07:58 (1114 turns).

Halgar the Skirmisher (Plutonian Abyssal Knight)    Turns: 1114, Time: 00:07:58

Health: 0/26       AC:  3    Str: 13    XL:     3   Next: 7%
Magic:  3/3        EV: 11    Int: 10    God:    Lugonu [*.....]
Gold:   80         SH:  0    Dex: 14    Spells: 2/2 levels left

rFire    . . .     SeeInvis .   a - +1 spear
rCold    . . .     Gourm    .   (no shield)
rNeg     . . .     Faith    .   b - +0 leather armour
rPois    .         Spirit   .   (no helmet)
rElec    .         Reflect  .   (no cloak)
rCorr    .         Harm     .   (no gloves)
MR       .....                  (no boots)
Stlth    +.........             (no amulet)
Regen    0.4/turn               (no ring)
MPRegen  0.2/turn               (no ring)

@: lethally poisoned (0 -> 0), contaminated
A: powered by contamination, explosive, no potion heal 1
a: Overload, Depart the Abyss, Renounce Religion


You were on level 1 of the Dungeon.
You worshipped Lugonu.
Lugonu was aware of your devotion.
You were not hungry.

You visited 1 branch of the dungeon, and saw 2 of its levels.
You visited the Abyss 1 time.

You collected 80 gold pieces.

Inventory:

Hand Weapons
 a - a +1 spear (weapon)
Missiles
 f - 57 arrows
 i - 44 stones (quivered)
 j - 20 bolts
Armour
 b - a +0 leather armour (worn)
 h - a +0 ring mail
Scrolls
 l - 2 scrolls of identify
 m - a scroll of remove curse
 o - a scroll of teleportation
Potions
 c - a potion of berserk rage
 d - 3 potions of curing {unknown}
 e - a potion of haste {unknown}
 k - a potion of ambrosia {unknown}
 p - a potion of heal wounds {unknown}
Comestibles
 g - 2 royal jellies
 n - a meat ration


   Skills:
 - Level 3.6 Fighting
 + Level 2.4 Polearms
 - Level 2.2 Armour
 - Level 1.2 Dodging
 - Level 0.2 Stealth
 + Level 2.0 Invocations


You had 2 spell levels left.
You didn't know any spells.

Dungeon Overview and Level Annotations

Branches:
Dungeon (2/15)

Altars:


Innate Abilities, Weirdness & Mutations

Every moment, your contamination rises, increasing your hp/mp regen.
You can explode at will, and automatically when contamination is extreme.
Slay enemies or drink potions to dissipate contamination.
Potions are less effective at restoring your health.


Message History

The adder bites you.
* * * LOW HITPOINT WARNING * * *
The goblin shoots a stone.
The stone hits you but does no damage.
You climb upwards.
There is a stone staircase leading down here.
You hit the adder.
The adder is heavily wounded.
The adder bites you.
* * * LOW HITPOINT WARNING * * *
You are poisoned.
The adder poisons you!
You closely miss the adder.
The adder is heavily wounded.
* * * LOW HITPOINT WARNING * * *
You feel sick. The adder closely misses you. The adder barely misses you.
You hit the adder.
The adder is almost dead.
* * * LOW HITPOINT WARNING * * *
You feel sick. The adder bites you.
You die...

######.#.###.###.###..#.#.#..###.
#.............................)..
#...........#########.#.#.##.###.
#...........#.......#...#.##.###.
#...........'...<...'............
#...........#.......#.###.##.###.
#...........#########.# #.##.# #.
########.##.#..)S...#.###.######.
#.##.+.>.@.>.'............
########....#.......#.###.######.
...#....###.#########.###........
...#....###.# #.................
..........#.####.####.###.#######
...#....###...........# #.#
...###### #..###.###..###.# ...#
#...............# ...######
#..###.###..###.#


You could see an adder.

Vanquished Creatures
  2 oozes
  A leopard gecko (D:1)
  A giant cockroach (D:1)
  2 hobgoblins (D:1)
  A bat (D:1)
  A frilled lizard (D:2)
  5 goblins
  4 kobolds (D:1)
  2 rats (D:1)
19 creatures vanquished.

Vanquished Creatures (others)
  A goblin (D:2)
1 creature vanquished.

Grand Total: 20 creatures vanquished

Notes
Turn   | Place    | Note
-------+----------+-------------------------------------------
     0 | Abyss:1  | Halgar the Plutonian Abyssal Knight began the quest for the Orb.
     0 | Abyss:1  | Reached XP level 1. HP: 16/16 MP: 1/1
    46 | Abyss:1  | Noticed a small abomination
    49 | Abyss:1  | Noticed a small abomination
    52 | Abyss:1  | Noticed a thrashing horror
    83 | Abyss:2  | Noticed a smoke demon
    94 | Abyss:2  | Noticed a cyan very ugly thing
    95 | D:1      | Escaped the Abyss
   588 | D:1      | Reached XP level 2. HP: 15/21 MP: 2/2
   610 | D:1      | Reached * piety under Lugonu
  1104 | D:2      | HP: 1/21 [ooze (2)]
  1105 | D:2      | Reached XP level 3. HP: 2/26 MP: 3/3
  1113 | D:1      | HP: 1/26 [poisoned by an adder]
  1114 | D:1      | Slain by an adder

Action                   || total
-------------------------++-------
Melee: Spear             ||    63
Invok: Depart the Abyss  ||     1
 Abil: Overload          ||     1
  Use: Scroll            ||     5
Armor: Leather armour    ||    18
Dodge: Dodged            ||    36
